 Dungeon Crawl Stone Soup version 0.29.1-15-g9cfb28693d (webtiles) character file.

Game seed: 12223013712501434483

343 protoss039 the Digger (level 6, -1/46 HPs)
             Began as a Demonspawn Earth Elementalist on Mar 3, 2023.
             Was an Initiate of Vehumet.
             Slain by an orc warrior
             ... wielding a +0 dire flail
              (18 damage)
             ... on level 5 of the Dungeon.
             The game lasted 00:06:59 (4497 turns).

protoss039 the Digger (DsEE)                        Turns: 4497, Time: 00:06:59

Health: -1/46      AC:  6    Str:  9    XL:     6   Next: 31%
Magic:  9/11       EV: 11    Int: 18    God:    Vehumet [......]
Gold:   248        SH:  0    Dex: 13    Spells: 5/11 levels left

rFire   . . .      SeeInvis .   v - +0 falchion (elec)
rCold   . . .      Faith    .   (no shield)
rNeg    . . .      Spirit   .   r - +0 leather armour
rPois   .          Reflect  .   (no helmet)
rElec   .          Harm     .   a - +0 cloak
rCorr   .          Rampage  .   (no gloves)
Will    .....                   m - +1 pair of boots
Stlth   ++........              (no amulet)
HPRegen 0.15/turn               (no ring)
MPRegen 0.12/turn               (no ring)

@: no status effects
A: demonic magic 1, weakness stinger 2
a: Renounce Religion


You were on level 5 of the Dungeon.
You worshipped Vehumet.
Vehumet was noncommittal.
You visited 2 branches of the dungeon, and saw 6 of its levels.

You collected 248 gold pieces.

Inventory:

Hand Weapons
 u - a +3 short sword
 v - a +0 falchion of electrocution (weapon)
Armour
 a - a +0 cloak (worn)
 m - a +1 pair of boots (worn)
 r - a +0 leather armour (worn)
Scrolls
 c - a scroll of enchant armour {unknown}
 d - 2 scrolls of identify
 e - 2 scrolls of immolation {unknown}
 f - a scroll of fog {unknown}
 g - a scroll of amnesia {unknown}
 h - 2 scrolls of vulnerability {unknown}
 i - a scroll of fear {unknown}
 k - a scroll of magic mapping {unknown}
 l - 2 scrolls of enchant weapon {unknown}
 n - a scroll of brand weapon {unknown}
 q - a scroll of poison {unknown}
 s - a scroll of blinking {unknown}
Potions
 b - a potion of magic
 j - 3 potions of heal wounds
 o - 2 potions of haste
 p - a potion of flight
 t - 2 potions of berserk rage
 w - a potion of invisibility {unknown}


   Skills:
 + Level 2.8 Fighting
 * Level 2.9 Armour
 - Level 1.7 Dodging
 - Level 1.7 Stealth
 + Level 3.4 Spellcasting
 - Level 0.8 Transmutations
 + Level 3.9 Earth Magic


You had 5 spell levels left.
You knew the following spells:

 Your Spells              Type           Power      Damage    Failure   Level
a - Sandblast             Erth           34%        2d9       4%          1
b - Passwall              Tmut/Erth      9%         N/A       12%         2
c - Stone Arrow           Conj/Erth      20%        3d8       28%         3

Your spell library contained the following spells:

 Spells                   Type           Power      Damage    Failure   Level
 Necrotise                Necr           12%        1d4       22%         1
 Vampiric Draining        Necr           3%         2d6       54%         3
 Petrify                  Tmut/Erth      11%        N/A       61%         4
 Agony                    Necr           3%         N/A       99%         5


Dungeon Overview and Level Annotations

Branches:
Dungeon (5/15) Zot: 25639  Temple (1/1) D:5 Zot: 5794

Altars:
Ashenzari
Cheibriados
Dithmenos
Fedhas
Gozag
Hepliaklqana
Makhleb
Nemelex Xobeh
Okawaru
Qazlal
Ru
Sif Muna
Trog
Uskayaw
Vehumet
Wu Jian
Xom
Yredelemnul


Innate Abilities, Weirdness & Mutations

Spells you cast may paralyse adjacent enemies.
You have a tail ending in a sharp stinger.


Message History

Aiming: Sandblast (safe; 4% risk of failure)
Press: ? - help, Shift-Dir - straight line, f - orc warrior
Aim: an orc warrior, wielding a +0 dire flail and wearing a +0 plate armour (82% to hit)
The blast of sand hits the orc warrior but does no damage.
Malevolent energies surge around you. The orc barely misses you.
Unknown command.
Unknown command.
Casting: Sandblast (safe; 4% risk of failure)
Confirm with . or Enter, or press ? or * to list all spells.
Aiming: Sandblast (safe; 4% risk of failure)
Press: ? - help, Shift-Dir - straight line, f/p - orc warrior
Aim: an orc warrior, wielding a +0 dire flail and wearing a +0 plate armour (82% to hit)
Okay, then.
The orc warrior attacks as you move away!
The orc warrior barely misses you.
Casting: Sandblast (safe; 4% risk of failure)
Confirm with . or Enter, or press ? or * to list all spells.
Aiming: Sandblast (safe; 4% risk of failure)
Press: ? - help, Shift-Dir - straight line, f/p - orc warrior
Aim: an orc warrior, wielding a +0 dire flail and wearing a +0 plate armour (82% to hit)
The blast of sand hits the orc warrior but does no damage.
Malevolent energies surge around you.
The orc warrior suddenly stops moving!
Unknown command.
The helpless orc warrior fails to defend itself.
You slash the orc warrior!
The orc warrior is moderately wounded.
The orc hits you from afar with a +0 trident.
The orc hits you but does no damage.
The helpless orc warrior fails to defend itself.
You hit the orc warrior.
The orc warrior is moderately wounded.
The orc hits you from afar with a +0 trident.
The orc hits you but does no damage. The orc completely misses you.
The orc barely misses you.
The helpless orc warrior fails to defend itself.
You hit the orc warrior.
The orc warrior is heavily wounded.
The orc warrior is no longer paralysed.
The orc barely misses you.
The orc warrior hits you with a +0 dire flail!!
You die...

..$. . ..... #. #.>. ...
### #... .. ..#######
..# ###.#####....)..##)#
#..........####..o.#
#.....<....##.ooo..#
............##.#@##..##
.#................##....
#......#.#.#.#.#......##
######...........###.##
#.#.......#.# .#
#...........## .#
#.#...>...#..#
....)..........#
##..#.......#.#...


You could see an orc warrior and 3 orcs.

Vanquished Creatures
  An ice beast (D:5)
  A scorpion (D:4)
  An orc priest (D:3)
  5 adders
  5 worms
  5 dart slugs
  7 orcs
  8 ball pythons
  7 endoplasms
  4 giant cockroaches
  3 goblins
  9 hobgoblins
  4 jackals (D:4)
  4 quokkas
  7 bats
  6 frilled lizards
  7 kobolds
  7 rats
91 creatures vanquished.

Vanquished Creatures (others)
  2 plants (D:4)
2 creatures vanquished.

Grand Total: 93 creatures vanquished

Notes
Turn   | Place    | Note
-------+----------+-------------------------------------------
     0 | D:1      | protoss039 the Demonspawn Earth Elementalist began the
                  | quest for the Orb.
     0 | D:1      | Reached XP level 1. HP: 13/13 MP: 3/3
   428 | D:1      | Gained mutation: You have a small tail. [demonic ancestry]
   428 | D:1      | Reached XP level 2. HP: 20/20 MP: 3/5
   593 | D:1      | Reached skill level 1 in Fighting
   814 | D:1      | Learned a level 2 spell: Passwall
  1218 | D:2      | Gained mutation: You have a tail ending in a sharp stinger.
                  | [demonic ancestry]
  1218 | D:2      | Reached XP level 3. HP: 26/26 MP: 3/6
  1787 | D:2      | Reached XP level 4. HP: 28/33 MP: 3/8
  2128 | D:3      | Reached skill level 1 in Armour
  2420 | D:3      | Found a hazy altar of Hepliaklqana.
  2420 | D:3      | Found a sacrificial altar of Ru.
  2760 | D:3      | Gained mutation: Spells you cast may paralyse adjacent
                  | enemies. [demonic ancestry]
  2760 | D:3      | Reached XP level 5. HP: 10/38 MP: 3/9
  3280 | D:3      | Learned a level 3 spell: Stone Arrow
  3487 | D:4      | Found a broken altar of Ashenzari.
  3515 | D:4      | Noticed a moth of wrath
  3518 | D:4      | Found a bloodstained altar of Trog.
  4254 | D:5      | Entered Level 5 of the Dungeon
  4254 | D:5      | Found a staircase to the Ecumenical Temple.
  4257 | D:5      | Noticed an ice beast
  4264 | D:5      | Killed an ice beast
  4265 | D:5      | Reached XP level 6. HP: 46/46 MP: 4/11
  4273 | Temple   | Entered the Ecumenical Temple
  4462 | Temple   | Became a worshipper of Vehumet
  4486 | D:5      | Noticed an orc warrior
  4497 | D:5      | Slain by an orc warrior

Illustrated notes

Levels and vault maps discovered:
D:1:      dpeg_arrival_solitude, layout_basic
D:2:      layout_basic
D:3:      layout_loops_corners, gammafunk_temple_overflow_wave
D:4:      layout_rooms, zin_treasury, tgw_trog, marbit_many_paths,
          serial_forest, infiniplex_forest_straight_4,
          infiniplex_forest_clump_tiny, infiniplex_forest_clump_C,
          infiniplex_forest_end_1, infiniplex_forest_clump_small,
          infiniplex_forest_straight_4
D:5:      layout_rooms, minmay_temple_entry_glass
Temple:   regret_index_temple_sphere_string

Skill      XL: |  1  2  3  4  5 |
---------------+----------------+-----
Fighting       | 1 2 |  2.8
Earth Magic    | 3 |  3.9
Armour         | 1 2 |  2.9
Spellcasting   | 3 |  3.4
Dodging        | |  1.7
Stealth        | |  1.7
Transmutations | |  0.8

Action                   |  1- 3 |  4- 6 || total
-------------------------+-------+-------++-------
Melee: Short sword       |     3 |    25 ||    28
       Tailslap          |     1 |    10 ||    11
       Spear             |       |     2 ||     2
       Falchion          |       |    53 ||    53
       Punch             |       |     1 ||     1
 Cast: Sandblast         |    55 |    50 ||   105
  Use: Scroll            |       |     4 ||     4
 Stab: Sleeping          |       |     4 ||     4
       Paralysed         |       |     8 ||     8
Armor: Robe              |     2 |       ||     2
       Leather armour    |     5 |    31 ||    36
Dodge: Dodged            |     9 |    55 ||    64
